 Dungeon Crawl Stone Soup version 0.24.0-1-gfbc8707122 (webtiles) character file.

Game seed: 852741017708498826, levelgen mode: deterministic

161 KamiKatze the Skirmisher (level 5, -3/33 HPs)
             Began as a Gargoyle Fighter on Oct 28, 2019.
             Killed by nerve-wracking pain
             ... invoked by an orc priest
              (5 damage)
             ... on level 3 of the Dungeon.
             The game lasted 00:08:44 (2459 turns).

KamiKatze the Skirmisher (Gargoyle Fighter)         Turns: 2459, Time: 00:08:44

Health: -3/33      AC:  9    Str: 21    XL:     5   Next: 42%
Magic:  5/5        EV:  4    Int:  8    God:
Gold:   121        SH:  9    Dex:  9    Spells: 4/4 levels left

rFire    . . .     SeeInvis .   r - +0 hand axe
rCold    . . .     Gourm    .   c - +0 shield
rNeg     + . .     Faith    .   g - +0 ring mail
rPois    ∞         Spirit   .   (no helmet)
rElec    +         Reflect  .   (no cloak)
rCorr    .         Harm     .   (no gloves)
MR       .....                  (no boots)
Stlth    ..........             (no amulet)
HPRegen  0.11/turn              w - -5 ring of evasion (curse)
MPRegen  0.09/turn              (no ring)

@: very slightly contaminated
A: negative energy resistance 1, electricity resistance, unbreathing,
petrification resistance, rot immunity, AC +4
a: no special abilities


You were on level 3 of the Dungeon.
You were not hungry.

You visited 1 branch of the dungeon, and saw 5 of its levels.

You collected 121 gold pieces.

Inventory:

Hand Weapons
 a - a +0 war axe
 r - a +0 hand axe (weapon)
 s - a +0 flail
Missiles
 h - 93 stones
 n - 8 poisoned darts (quivered)
Armour
 b - a +0 scale mail
 c - a +0 shield (worn)
 g - a +0 ring mail (worn)
 u - a +0 chain mail
Jewellery
 w - a cursed -5 ring of evasion (left hand)
Scrolls
 m - a scroll of magic mapping {unknown}
 o - a scroll of identify {unknown}
 v - a scroll of fog {unknown}
Potions
 d - a potion of might
 i - 3 potions of lignification {unknown}
 l - 2 potions of curing {unknown}
 p - a potion of cancellation {unknown}
Comestibles
 f - 5 rations
 t - 5 chunks of flesh


   Skills:
 + Level 4.1 Fighting
 * Level 3.4 Axes
 - Level 3.2 Armour
 + Level 1.5 Dodging
 + Level 4.1 Shields


You had 4 spell levels left.
You didn't know any spells.
Your spell library was empty.

Dungeon Overview and Level Annotations

Branches:
Dungeon (5/15)
 Temple: D:4-7

Altars:


Innate Abilities, Weirdness & Mutations

You are resistant to torment.
Your stone body is resilient. (AC +4)
You are immune to poison.
You resist negative energy. (rN+)
You are resistant to electric shocks. (rElec)
You can survive without breathing.
You are immune to petrification.
You are immune to rotting.


Message History

You hit the orc.
You kill the orc!
You hit the orc.
You kill the orc!
The orc priest invokes the aid of Beogh against you.
Pain shoots through your body!
* * * LOW HITPOINT WARNING * * *
You hit the orc priest but do no damage.
The orc priest is heavily wounded.
The orc priest closely misses you.
You hit the orc priest but do no damage.
The orc priest is heavily wounded.
The orc priest hits you but does no damage.
The orc priest hits you with a +0 whip.
* * * LOW HITPOINT WARNING * * *
Your shield and ring mail prevent you from hitting the orc priest.
The orc priest is heavily wounded.
The orc priest invokes the aid of Beogh against you.
Pain shoots through your body!
You die...

#.........#
###.#######.########
#
..#.>...............
#.
#.#..###...)########
#.###.#...##....#
...#.##..##....#
#.#.....##....#
#...†#o.##....#
#.)..@).#####.#
#.....)## #..
##"..#.# ### #...#.#
###.... #.....
#...... #.......
#........


You could see an orc priest.

Vanquished Creatures
  A worker ant zombie (D:2)
  5 adders
  A shadow imp (D:5)
  An ooze (D:2)
  A dart slug (D:1)
  2 leopard geckos (D:1)
  13 orcs
  5 giant cockroaches
  6 goblins
  9 hobgoblins
  8 jackals
  A quokka (D:5)
  A ball python (D:1)
  4 bats
  4 frilled lizards
  7 kobolds
  6 rats
75 creatures vanquished.

Notes
Turn   | Place    | Note
-------+----------+-------------------------------------------
     0 | D:1      | KamiKatze the Gargoyle Fighter began the quest for the Orb.
     0 | D:1      | Reached XP level 1. HP: 14/14 MP: 1/1
    99 | D:1      | Reached XP level 2. HP: 13/19 MP: 2/2
   509 | D:1      | Reached XP level 3. HP: 23/23 MP: 3/3
   885 | D:2      | Reached skill level 1 in Dodging
  1115 | D:2      | Reached XP level 4. HP: 29/29 MP: 4/4
  2090 | D:4      | Reached XP level 5. HP: 32/33 MP: 5/5
  2161 | D:4      | You fall into a shaft and drop 1 floor!
  2161 | D:5      | Entered Level 5 of the Dungeon
  2459 | D:3      | Killed from afar by an orc priest

Levels and vault maps discovered:
D:1:      sevenhm_arrival_forest_fort_small_4, layout_basic, serial_bayou,
          serial_bayou_lagoon_b, serial_bayou_pond_b, serial_bayou_ford_a,
          serial_bayou_crossing, minmay_misc_feat_more_columns
D:2:      layout_basic, minmay_goblin_outpost
D:3:      layout_basic, hellmonk_ghost_happy_afterlife, uniq_terence
D:4:      layout_basic, minitemple, first_ration, uniq_grinder
D:5:      layout_loops_ring, dk_vineyard_1, minmay_circle_x, uniq_duvessa,
          uniq_prince_ribbit1

Skill      XL: |  1  2  3  4 |
---------------+-------------+-----
Axes           | 2 3 |  3.4
Dodging        | 1 |  1.5
Fighting       | 4 |  4.1
Shields        | 4 |  4.1
Armour         | |  3.2

Action                   |  1- 3 |  4- 6 || total
-------------------------+-------+-------++-------
Melee: War axe           |   164 |    38 ||   202
       Hand axe          |       |    84 ||    84
Throw: Dart              |       |     1 ||     1
  Use: Scroll            |       |     4 ||     4
  Eat: Chunk             |     1 |     5 ||     6
Armor: Scale mail        |   122 |    17 ||   139
       Ring mail         |       |    40 ||    40
Dodge: Dodged            |    73 |    43 ||   116
Block: Shield            |   116 |    80 ||   196
